 Dungeon Crawl Stone Soup version 0.19-a0-27-g415f530 (webtiles) character file.

24 Duffy the Insei (level 2, -6/21 HPs)
             Began as a Demonspawn Transmuter on May 1, 2016.
             Mangled by a gnoll
             ... wielding a +0 flail
              (14 damage)
             ... on level 1 of the Dungeon.
             The game lasted 00:01:15 (1291 turns).

Duffy the Insei (Demonspawn Transmuter)             Turns: 1291, Time: 00:01:15

Health: -6/21      AC:  2    Str: 10    XL:     2   Next: 79%
Magic:  5/5        EV: 12    Int: 14    God:
Gold:   40         SH:  0    Dex: 13    Spells: 1 memorised, 4 levels left

rFire  . . .     SeeInvis .       - Unarmed
rCold  . . .     Gourm    .     b - +0 robe
rNeg   . . .     Faith    .     (no shield)
rPois  .         Spirit   .     (no helmet)
rElec  .         Dismiss  .     (no cloak)
rCorr  .         Reflect  .     (no gloves)
SustAt .         Harm     .     (no boots)
MR     .....                    (no amulet)
Stlth  ++........               (no ring)
                                (no ring)

@: not resistant to hostile enchantments, unstealthy
A: nightstalker 1
a: no special abilities


You were on level 1 of the Dungeon.
You were not hungry.

You visited 1 branch of the dungeon, and saw 2 of its levels.

You collected 40 gold pieces.


Innate Abilities, Weirdness & Mutations

You are slightly more attuned to the shadows.


   Skills:
 - Level 1.0 Fighting
 - Level 1.7 Dodging
 + Level 3.6 Unarmed Combat
 - Level 2.0 Spellcasting
 - Level 2.0 Transmutations


You had 4 spell levels left.
You knew the following spells:

 Your Spells              Type           Power        Failure   Level  Hunger
a - Beastly Appendage     Trmt           #.....       12%         1    ##.....

Inventory:

Missiles
 a - 12 arrows
Armour
 b - a +0 robe (worn)
Jewellery
 e - an uncursed ring of ice {unknown}
Scrolls
 h - a scroll of identify {unknown}
 j - a scroll of amnesia {unknown}
Potions
 f - a potion of lignification {unknown}
 g - a potion of agility {unknown}
 i - a potion of degeneration {unknown}
 k - a potion of curing {unknown}
Books
 c - a book of Changes
Comestibles
 d - a bread ration

Dungeon Overview and Level Annotations

Branches:
Dungeon (2/15)

Altars:

Annotations:
D:2 Robin


Message History

You hit the giant gecko but do no damage.
The giant gecko is heavily wounded.
The giant gecko misses you.
You hit the giant gecko.
The giant gecko is almost dead.
The giant gecko closely misses you. The giant gecko barely misses you.
You barely miss the giant gecko.
The giant gecko is almost dead.
The giant gecko closely misses you.
You closely miss the giant gecko.
The giant gecko is almost dead.
The giant gecko barely misses you.
You closely miss the giant gecko.
The giant gecko is almost dead.
The giant gecko closely misses you.
You punch the giant gecko!
You kill the giant gecko!
No target in view!
You start resting.
HP restored. 2 goblins and a hobgoblin come into view.
Robin of the Strong Arm comes into view.
She is wielding a dagger of venom.
The goblin shouts! x2; The hobgoblin shouts!
The goblin moves out of view.
The goblin shouts!
You hear a shout! x4
A goblin comes into view. It is wielding a dagger.
There is a stone staircase leading up here.
The hobgoblin closely misses you.
You climb upwards.
The gnoll hits you with a flail!
There is a stone staircase leading down, spattered with blood here.
The hobgoblin barely misses you. The hobgoblin misses you.
You barely miss the gnoll. The gnoll hits you with a flail!
You are too injured to fight recklessly!
You are too injured to fight recklessly!
You are too injured to fight recklessly!
You barely miss the gnoll. The gnoll closely misses you.
You hit the gnoll.
The gnoll is lightly wounded.
The gnoll barely misses you.
You hit the gnoll.
The gnoll is moderately wounded.
You hit the gnoll.
The gnoll is moderately wounded.
The gnoll hits you but does no damage.
You barely miss the gnoll.
The gnoll is moderately wounded.
The gnoll hits you with a flail!
Ouch! That really hurt!
You die...

.............# #.......)...#.#
#............# #....######...#
#............# #....#........#
#............###....#.####...#
#............'......#.####...#
#............########....#...##
#......#.........(.....#.#...#.
#.#.......##########.....#...#.
#.#.........gg@..........#...#. .
#g#........#########.....#...#. .
#.#.[....................#.....
..#.#........##########....#..##.
..#.#........##########....#..##.
....#......................#..##.
....#####............##.#..#..##.
.$...# #............##.#..#..##>
.#...# #.......##'####)#..#..##.


You could see a gnoll and a hobgoblin.

Action                   || total
-------------------------++-------
Melee: Unarmed           ||    95
 Stab: Sleeping          ||     3
       Distracted        ||     1
  Eat: Chunk             ||     1
Armor: Robe              ||     5
Dodge: Dodged            ||    52

Notes
Turn   | Place    | Note
--------------------------------------------------------------
     0 | D:1      | Duffy the Demonspawn Transmuter began the quest for the Orb.
     0 | D:1      | Reached XP level 1. HP: 15/15 MP: 3/3
    99 | D:1      | Reached skill level 2 in Transmutations
   281 | D:1      | Reached skill level 3 in Unarmed Combat
   287 | D:1      | Gained mutation: You are slightly more attuned to the shadows. [demonic ancestry]
   287 | D:1      | Reached XP level 2. HP: 19/21 MP: 5/5
  1251 | D:2      | Noticed Robin
  1291 | D:1      | Mangled by a gnoll

Skill      XL: |  1 |
---------------+----+-----
Transmutations | 2 |  2.0
Unarmed Combat | 3 |  3.6
Fighting       | |  1.0
Dodging        | |  1.7
Spellcasting   | |  2.0

Vault maps used:
D:1:      dpeg_cavernosity
D:2:      nicolae_overflow_hidden_temple, nicolae_overflow_crystal_walls,
          led_sif_pool, grunt_ministairs_15, nicolae_qazlal_style_of_elements,
          uniq_robin

Vanquished Creatures
  A giant gecko
  2 giant cockroaches
  5 goblins
  3 hobgoblins
  5 kobolds
  A bat
  A giant newt
  3 rats
21 creatures vanquished.
